 Dungeon Crawl Stone Soup version 0.19.3-4-gbf9329e (console) character file.

58924 Grinner the Shatterer (level 14, -6/143 HPs)
             Began as an Ogre Monk on Jan 30, 2017.
             Was the Champion of Okawaru.
             Mangled by Donald
             ... wielding a +3 demon trident of draining
              (9 damage)
             ... on level 2 of the Orcish Mines.
             The game lasted 01:12:56 (19879 turns).

Grinner the Shatterer (Ogre Monk)                  Turns: 19879, Time: 01:12:56

Health: -6/143     AC: 13    Str: 26    XL:     14   Next: 92%
Magic:  0/29       EV: 22    Int: 11    God:    Okawaru [******]
Gold:   1747       SH:  0    Dex: 17    Spells: 2 memorised, 19 levels left

rFire  . . .     SeeInvis +     a - +3 great mace (crush)
rCold  + . .     Gourm    .     E - +4 troll leather armour {Purgy}
rNeg   . . .     Faith    .     (shield currently unavailable)
rPois  .         Spirit   +     d - +3 crown of Dyrovepreva {rElec Int+2 SInv}
rElec  +         Reflect  .     L - +0 cloak
rCorr  .         Harm     .     (gloves unavailable)
MR     +....                    (boots unavailable)
Stlth  +++.......               g - amulet of guardian spirit
                                t - ring of magical power
                                m - ring of protection from cold

@: mighty, agile, heroism, finesse, very heavily drained
A: unfitting armour, frail 1, slow regeneration 1, tough skin 1, weak 1
a: Heroism, Finesse, Renounce Religion


You were on level 2 of the Orcish Mines.
You worshipped Okawaru.
Okawaru was exalted by your worship.
You were not hungry.

You visited 4 branches of the dungeon, and saw 18 of its levels.
You also visited: Labyrinth, Sewer and Ice Cave.

You collected 1907 gold pieces.
You spent 160 gold pieces at shops.

Inventory:

Hand Weapons
 a - a +3 great mace of crushing (weapon)
 b - a +3 flail of protection
 U - a +0 giant spiked club of protection
Missiles
 B - 4 javelins (quivered)
 C - a throwing net
Armour
 d - the +3 crown of Dyrovepreva (worn) {rElec Int+2 SInv}
   (Okawaru gifted it to you in an ice cave)

   It affects your intelligence (+2).
   It insulates you from electricity.
   It lets you see invisible.
 E - a +4 troll leather armour (worn) {Purgy}
 L - a +0 cloak (worn)
Rods
 T - a +3 rod of shadows (9/9)
   (You found it in a labyrinth)
Jewellery
 g - an amulet of guardian spirit (around neck)
 m - a ring of protection from cold (left hand)
 t - a ring of magical power (right hand)
 S - a +4 ring of strength
Wands
 f - a wand of lightning (8/15)
 u - a wand of disintegration (5/24)
 y - a wand of lightning (8/15)
 F - a wand of paralysis (10/24)
 R - a wand of lightning (3/15)
Scrolls
 e - 4 scrolls of immolation
 h - 8 scrolls of remove curse
 i - a scroll of torment
 o - 5 scrolls of recharging
 p - a scroll of blinking
 q - a scroll of fear
 s - a scroll of amnesia
 G - 2 scrolls of fog
 N - 2 scrolls of teleportation
 O - a scroll of identify
Potions
 k - 4 potions of haste
 l - 4 potions of flight
 w - a potion of agility
 x - 2 potions of curing
 z - 2 potions of heal wounds
 D - 2 potions of brilliance
 K - 2 potions of might
 M - a potion of resistance
 Q - a potion of beneficial mutation {unknown}
Books
 v - a book of Flames

   Spells                             Type                      Level
   a - Flame Tongue                   Conjuration/Fire             1
   b - Throw Flame                    Conjuration/Fire             2
   c - Conjure Flame                  Conjuration/Fire             3
   d - Inner Flame                    Hexes/Fire                   3
   e - Sticky Flame                   Conjuration/Fire             4
   f - Fireball                       Conjuration/Fire             5
 A - a book of Cantrips

   Spells                             Type                      Level
   a - Confusing Touch                Hexes                        1
   b - Animate Skeleton               Necromancy                   1
   c - Summon Small Mammal            Summoning                    1
   d - Apportation                    Translocation                1
 H - a book of Power

   Spells                             Type                      Level
   a - Fulminant Prism                Conjuration/Hexes            4
   b - Iskenderun's Mystic Blast      Conjuration                  4
   c - Venom Bolt                     Conjuration/Poison           5
   d - Bolt of Magma                  Conjuration/Fire/Earth       5
   e - Iron Shot                      Conjuration/Earth            6
   f - Orb of Destruction             Conjuration                  7
   g - Spellforged Servitor           Conjuration/Summoning        7
 P - a book of Changes

   Spells                             Type                      Level
   a - Beastly Appendage              Transmutation                1
   b - Sticks to Snakes               Transmutation                2
   c - Spider Form                    Transmutation/Poison         3
   d - Ice Form                       Ice/Transmutation            4
   e - Blade Hands                    Transmutation                5
Comestibles
 c - 8 bread rations
 j - 6 meat rations
 n - 4 fruits
 r - a royal jelly
 I - 5 beef jerkies
 J - 11 slices of pizza


   Skills:
 - Level 15.2(15.5) Fighting
 + Level 21.5(21.1) Maces & Flails
 - Level 4.4(5.7) Throwing
 + Level 10.6(11.3) Dodging
 - Level 1.4(2.9) Stealth
 - Level 4.1(0.9) Spellcasting
 - Level 7.0(3.5) Invocations


You had 19 spell levels left.
You knew the following spells:

 Your Spells              Type           Power        Failure   Level  Hunger
x - Confusing Touch       Hex            #.....       38%         1    ##.....
z - Beastly Appendage     Tmut           #.....       38%         1    ##.....


Dungeon Overview and Level Annotations

Branches:
Dungeon (9/15)             Temple (1/1) D:6            Lair (6/6) D:9
 Shoals (0/4) Lair:4        Snake (0/4) Lair:4          Orc (2/2) D:9
  Slime: Lair:5-6       Elf: Orc:2

Altars:
Ashenzari
Cheibriados
Dithmenos
Elyvilon
Fedhas
Gozag
Hepliaklqana
Kikubaaqudgha
Makhleb
Nemelex Xobeh
Okawaru
Qazlal
Ru
Sif Muna
Trog
Uskayaw
Vehumet
Xom
Yredelemnul
Zin
The Shining One
Lugonu

Shops:
D:9 [

Annotations:
D:7 5 runed doors
D:9 exclusion: ice statue
Lair:5 exclusion: oklob plant
Orc:2 6 exclusions, Donald


Innate Abilities, Weirdness & Mutations

You are too large for most types of armour.
You have tough skin. (AC +1)
You are frail. (-10% HP)
You regenerate slowly when monsters are visible.
You are weak. (Str -2)


Message History

The centaur shoots an arrow.
The arrow barely misses you.
The arrow hits the orc!
The orc dies!
The orc sorcerer completely misses you.
The centaur warrior shoots an arrow.
The arrow closely misses you.
Donald hits you from afar with a demon trident of draining!
You feel drained.
The centaur shoots an arrow.
The arrow misses you.
An orc warrior comes into view. It is wielding a great mace.
You feel much better.
The centaur wields a shortbow.
The centaur shoots an arrow.
The arrow closely misses you.
The centaur shoots an arrow.
The arrow misses you.
The centaur warrior shoots an arrow.
The arrow barely misses you.
The orc sorcerer gestures at you while chanting.
The bolt of negative energy hits you!
You feel drained.
* * * LOW HITPOINT WARNING * * *
The centaur shoots an arrow.
The arrow completely misses you.
Donald hits you from afar with a demon trident of draining!!!
* * * LOW HITPOINT WARNING * * *
You feel drained.
You die...

........................
..............$.........
........................
........................
........................
.....((.................
......)()...............
.....@(@(...............
......o.................
........................
........................
........................
..$........ccc..........
.........##cc##..##...##
........##.coc......≈≈#


You could see Donald, a centaur warrior, an orc sorcerer, an orc warrior and 6
centaurs.

Vanquished Creatures
  Rupert (Lair:5)
  An orc warlord (Orc:2)
  A dire elephant (Lair:6)
  Josephine (Orc:2)
  A minotaur (Lab)
  5 hydras
  A catoblepas (Lair:6)
  A merfolk avatar (Lair:6)
  A queen ant (Lair:2)
  5 death yaks (Lair:6)
  The ghost of f0rbidden the Thaumaturge, a journeyman DEIE of Vehumet (Lair:1)
  A sea snake (Lair:6)
  Pikel (D:5)
  A harpy (Lair:6)
  A hill giant (D:7)
  An orc sorcerer (Orc:1)
  7 elephants
  2 ugly things (IceCv)
  A siren (Lair:4)
  Joseph (D:7)
  Maurice (D:8)
  5 black mambas
  11 spiny frogs
  3 ice statues (IceCv)
  11 rime drakes
  6 komodo dragons
  2 trolls (Orc:1)
  3 wind drakes (Lair:6)
  2 polar bears (Lair:6)
  3 hornets (Lair:6)
  28 blink frogs
  3 hippogriffs
  5 wyverns
  33 yaks
  2 hungry ghosts (D:9)
  4 wraiths (Orc:2)
  A hill giant zombie (D:9)
  2 hogs (D:7)
  A human (D:7)
  5 basilisks
  Edmund (D:5)
  2 nagas (Lair:4)
  20 soldier ants (Lair:2)
  Duvessa (D:5)
  3 porcupines
  15 water moccasins
  11 orc warriors
  Purgy (Sewer)
  3 black bears
  7 ice beasts
  2 sky beasts
  2 necrophages
  3 ogres
  3 wolves (Lair:6)
  14 crocodiles
  9 centaurs
  Blork the orc (D:5)
  11 bullfrogs
  A wyvern zombie (D:8)
  Dowan (D:5)
  6 scorpions
  3 troll zombies (D:9)
  2 howler monkeys
  A centaur zombie (D:6)
  3 crimson imps
  A bullfrog zombie (D:9)
  A quasit (D:9)
  5 hounds
  2 jellies
  7 orc priests
  A bullfrog skeleton (D:9)
  A gnoll shaman (D:8)
  8 orc wizards
  2 iguanas
  25 worker ants
  4 ogre zombies (D:9)
  A hound zombie (D:8)
  A hound skeleton (D:9)
  2 worker ant zombies
  2 howler monkey skeletons
  4 gnolls (D:8)
  12 adders
  4 river rats
  3 shadow imps
  12 white imps (Lair:2)
  3 oozes
  3 adder skeletons
  5 worms
  2 dart slugs (D:2)
  2 leopard geckos
  35 orcs
  17 bats
  4 giant cockroaches
  5 goblins
  2 hobgoblins (D:1)
  4 jackals (D:1)
  9 quokkas
  7 ball pythons
  6 frilled lizards
  A goblin skeleton (D:9)
  3 goblin zombies (D:9)
  A hobgoblin skeleton (D:9)
  2 hobgoblin zombies (D:9)
  8 kobolds
  7 orc skeletons (D:9)
  11 orc zombies (D:9)
  A quokka zombie (D:7)
  20 rats
  A plant (D:9)
549 creatures vanquished.

Vanquished Creatures (others)
  An orc (Orc:2)
  5 fungi
  7 plants
13 creatures vanquished.

Grand Total: 562 creatures vanquished

Notes
Turn   | Place    | Note
-------+----------+-------------------------------------------
     0 | D:1      | Grinner the Ogre Monk began the quest for the Orb.
     0 | D:1      | Reached XP level 1. HP: 24/24 MP: 1/1
   453 | D:1      | Reached XP level 2. HP: 33/33 MP: 2/2
   805 | D:2      | Reached XP level 3. HP: 35/40 MP: 2/4
  1123 | D:2      | Reached skill level 1 in Spellcasting
  1140 | D:2      | Reached skill level 5 in Maces & Flails
  1600 | D:2      | Reached XP level 4. HP: 48/49 MP: 5/5
  1982 | D:2      | Found a hazy altar of Hepliaklqana.
  1983 | D:2      | Found a glowing golden altar of the Shining One.
  2138 | D:3      | HP: 2/49 [adder (1)]
  2348 | D:3      | Reached skill level 5 in Fighting
  2350 | D:3      | Reached skill level 6 in Maces & Flails
  2350 | D:3      | Reached XP level 5. HP: 14/57 MP: 3/8
  2682 | D:3      | Found a glowing silver altar of Zin.
  3553 | D:4      | Reached XP level 6. HP: 21/66 MP: 7/10
  3909 | D:4      | Reached skill level 7 in Maces & Flails
  4232 | D:4      | Reached XP level 7. HP: 67/75 MP: 12/12
  4253 | D:4      | Reached skill level 8 in Maces & Flails
  5389 | D:4      | Found a snail-covered altar of Cheibriados.
  5455 | D:5      | Entered Level 5 of the Dungeon
  5455 | D:5      | Noticed Edmund
  5466 | D:5      | Killed Edmund
  5466 | D:5      | Reached skill level 9 in Maces & Flails
  5535 | D:5      | Reached XP level 8. HP: 81/87 MP: 14/14
  5574 | D:5      | Learned a level 1 spell: Confusing Touch
  5610 | D:5      | Noticed Pikel
  5623 | D:5      | Killed Pikel
  5623 | D:5      | Reached skill level 10 in Maces & Flails
  5659 | D:5      | Noticed Blork the orc
  5669 | D:5      | Killed Blork the orc
  5786 | D:5      | Reached skill level 11 in Maces & Flails
  5836 | D:5      | Gained mutation: You are weak. (Str -2) [potion of mutation]
  5836 | D:5      | Gained mutation: You regenerate slowly when monsters are visible. [potion of mutation]
  5836 | D:5      | Gained mutation: You are frail. (-10% HP) [potion of mutation]
  5900 | D:5      | Noticed Duvessa
  5901 | D:5      | Noticed Dowan
  5907 | D:5      | Killed Duvessa
  5913 | D:5      | Killed Dowan
  6007 | D:5      | Found a deep blue altar of Sif Muna.
  6076 | D:6      | Reached XP level 9. HP: 84/87 MP: 15/15
  6145 | D:6      | Found a staircase to the Ecumenical Temple.
  6181 | D:6      | Found a basalt altar of Yredelemnul.
  6195 | Temple   | Entered the Ecumenical Temple
  6288 | D:6      | Found a glowing drain.
  6313 | Sewer    | Entered a sewer
  6316 | Sewer    | Noticed Purgy
  6320 | Sewer    | Killed Purgy
  6490 | D:6      | Found a hide-covered altar of Uskayaw.
  6506 | D:6      | Reached skill level 12 in Maces & Flails
  6541 | D:6      | Found a shattered altar of Ashenzari.
  6842 | D:7      | Reached skill level 13 in Maces & Flails
  6947 | D:7      | Found a sparkling altar of Nemelex Xobeh.
  6954 | D:7      | Noticed a hill giant
  6968 | D:7      | Killed a hill giant
  6968 | D:7      | Reached skill level 10 in Fighting
  7085 | D:7      | Noticed Joseph
  7115 | D:7      | Reached XP level 10. HP: 49/99 MP: 13/16
  7119 | D:7      | Reached skill level 14 in Maces & Flails
  7140 | D:7      | Killed Joseph
  7282 | D:7      | Found a bloodstained altar of Trog.
  7435 | D:7      | Found a runed gate.
  7442 | D:7      | Found a runed door.
  7482 | D:7      | Found a runed gate.
  7493 | D:7      | Found a runed gate.
  7501 | D:7      | Found a runed door.
  7682 | D:7      | Found a blossoming altar of Fedhas.
  7776 | D:7      | Found a white marble altar of Elyvilon.
  8003 | D:8      | Noticed Maurice
  8028 | D:8      | Killed Maurice
  8039 | D:8      | Found a radiant altar of Vehumet.
  8052 | D:8      | Reached skill level 15 in Maces & Flails
  8342 | D:8      | Found an iron altar of Okawaru.
  8350 | D:8      | Became a worshipper of Warmaster Okawaru
  8350 | D:8      | Reached * piety under Okawaru
  8350 | D:8      | Reached ** piety under Okawaru
  8836 | D:9      | Reached skill level 1 in Invocations
  8944 | D:9      | Noticed an ice statue
  8981 | D:9      | Found a staircase to the Lair.
  9091 | D:9      | Found Utigedgh's Armour Emporium.
  9101 | D:9      | Bought a +2 hat for 160 gold pieces
  9106 | D:9      | Found a staircase to the Orcish Mines.
  9319 | D:9      | Reached *** piety under Okawaru
  9777 | D:9      | Reached XP level 11. HP: 101/110 MP: 17/17
  9795 | Lair:1   | Entered Level 1 of the Lair of Beasts
  9859 | Lair:1   | Reached skill level 16 in Maces & Flails
  9904 | Lair:1   | Noticed f0rbidden's ghost (journeyman DEIE)
 10181 | Lair:1   | Reached **** piety under Okawaru
 10575 | Lair:2   | Reached skill level 5 in Invocations
 10646 | Lair:2   | Reached ***** piety under Okawaru
 10693 | Lair:2   | Reached skill level 17 in Maces & Flails
 10710 | Lair:2   | Noticed a six-headed hydra
 10781 | Lair:2   | Found a frozen archway.
 10925 | IceCv    | Entered an ice cave
 10998 | IceCv    | Noticed a white ugly thing
 11014 | IceCv    | Killed a white ugly thing
 11147 | IceCv    | Noticed a white ugly thing
 11160 | IceCv    | Received a gift from Okawaru
 11165 | IceCv    | Killed a white ugly thing
 11165 | IceCv    | Reached XP level 12. HP: 122/122 MP: 18/18
 11731 | Lair:2   | Noticed a queen ant
 11751 | Lair:2   | Killed a queen ant
 11751 | Lair:2   | Reached skill level 18 in Maces & Flails
 12034 | Lair:2   | Killed a six-headed hydra
 12436 | Lair:3   | Learned a level 1 spell: Beastly Appendage
 12529 | Lair:3   | Found a labyrinth entrance.
 12534 | Lab      | Entered a labyrinth
 13421 | Lab      | Noticed a minotaur
 13439 | Lab      | Killed a minotaur
 13477 | Lab      | Identified a +3 rod of shadows (9/9) (You found it in a labyrinth)
 13993 | Lair:4   | Found a staircase to the Snake Pit.
 14173 | Lair:4   | Reached skill level 5 in Dodging
 14235 | Lair:4   | Noticed a seven-headed hydra
 14241 | Lair:4   | Killed a seven-headed hydra
 14241 | Lair:4   | Reached XP level 13. HP: 100/133 MP: 19/19
 14315 | Lair:4   | Reached skill level 19 in Maces & Flails
 14338 | Lair:4   | Reached skill level 15 in Fighting
 14502 | Lair:4   | Found a staircase to the Shoals.
 14515 | Lair:4   | Received a gift from Okawaru
 15100 | Lair:5   | Found a shimmering altar of Xom.
 15174 | Lair:5   | Noticed Rupert
 15206 | Lair:5   | Killed Rupert
 15452 | Lair:5   | Received a gift from Okawaru
 16233 | Lair:6   | Entered Level 6 of the Lair of Beasts
 16254 | Lair:5   | Reached ****** piety under Okawaru
 16466 | Lair:6   | Reached skill level 20 in Maces & Flails
 16740 | Lair:6   | Reached XP level 14. HP: 133/143 MP: 20/20
 16825 | Lair:6   | Reached skill level 1 in Throwing
 16832 | Lair:6   | Received a gift from Okawaru
 16835 | Lair:6   | Got a polished hat {god gift}
 16846 | Lair:6   | Identified the +0 hat of the Present {*Drain MP+9 Int+9} (Okawaru gifted it to you on level 6 of the Lair of Beasts)
 17066 | Lair:6   | Noticed a dire elephant
 17088 | Lair:6   | Killed a dire elephant
 17756 | Lair:6   | Reached skill level 21 in Maces & Flails
 18140 | Lair:6   | Reached skill level 10 in Dodging
 18601 | Lair:1   | Killed f0rbidden's ghost
 18818 | Orc:1    | Entered Level 1 of the Orcish Mines
 18882 | Orc:1    | Received a gift from Okawaru
 18885 | Orc:1    | Got a steaming shield {god gift}
 18886 | Orc:1    | Identified the +4 shield of the Spider Nest {rF- rN+ Str+8 Int-4} (Okawaru gifted it to you on level 1 of the Orcish Mines)
 18950 | Orc:1    | Paralysed by an orc sorcerer for 3 turns
 19112 | Orc:2    | Entered Level 2 of the Orcish Mines
 19295 | Orc:2    | Noticed Josephine
 19314 | Orc:2    | Killed Josephine
 19449 | Orc:2    | Noticed an orc warlord
 19484 | Orc:2    | Killed an orc warlord
 19865 | Orc:2    | Noticed Donald
 19879 | Orc:2    | HP: 3/143 [Donald/demon trident of draining (38)]
 19879 | Orc:2    | Mangled by Donald

Skill      XL: |  1  2  3  4  5  6  7  8  9 10 11 12 13 14 |
---------------+-------------------------------------------+-----
Spellcasting   | 1 2 3 4 |  4.1
Maces & Flails | 5 6 7 9 11 13 15 17 18 20 21 | 21.5
Fighting       | 5 6 7 8 10 12 13 14 15 | 15.2
Invocations    | 3 6 7 |  7.0
Dodging        | 5 8 10 | 10.6
Throwing       | 4 |  4.4
Stealth        | |  1.4

Action                   |  1- 3 |  4- 6 |  7- 9 | 10-12 | 13-15 || total
-------------------------+-------+-------+-------+-------+-------++-------
Melee: Mace              |   129 |    69 |       |       |       ||   198
       Flail             |       |   126 |   261 |   985 |       ||  1372
       Punch             |       |       |       |     8 |       ||     8
       Giant spiked club |       |       |       |    66 |   115 ||   181
       Great mace        |       |       |       |       |   504 ||   504
Throw: Javelin           |       |     1 |     7 |     6 |     4 ||    18
Invok: Heroism           |       |       |       |    12 |     6 ||    18
       Finesse           |       |       |       |     3 |     1 ||     4
Evoke: Wand              |       |       |     1 |     6 |       ||     7
  Use: Potion            |       |     5 |     2 |     9 |    10 ||    26
       Scroll            |       |     8 |    16 |    13 |     2 ||    39
 Stab: Sleeping          |     2 |     4 |     4 |     5 |     2 ||    17
       Distracted        |       |     1 |     1 |     1 |       ||     3
       Petrified         |       |       |       |       |     3 ||     3
  Eat: Chunk             |     1 |     9 |     5 |    10 |    18 ||    43
       Meat ration       |       |       |     1 |     3 |       ||     4
       Royal jelly       |       |       |       |     1 |       ||     1
Armor: Robe              |    53 |    49 |    33 |       |       ||   135
       Troll leather arm |       |       |    39 |   415 |   188 ||   642
Dodge: Dodged            |    82 |   117 |    85 |   396 |   414 ||  1094
